 Dungeon Crawl Stone Soup version 0.21.1-1-g345015fe64 (webtiles) character file.

60 Lusmu the Gusty (level 4, -1/24 HPs)
             Began as a Tengu Air Elementalist on Apr 8, 2018.
             Was an Initiate of Vehumet.
             Slain by a gnoll
             ... wielding a +0 spear
              (7 damage)
             ... on level 3 of the Dungeon.
             The game lasted 00:08:02 (3018 turns).

Lusmu the Gusty (Tengu Air Elementalist)            Turns: 3018, Time: 00:08:03

Health: -1/24      AC:  3    Str:  9    XL:     4   Next: 6%
Magic:  4/8        EV: 12    Int: 15    God:    Vehumet [......]
Gold:   114        SH:  0    Dex: 15    Spells: 6/7 levels left

rFire    . . .     SeeInvis .   n - +1 dagger
rCold    . . .     Gourm    .   (no shield)
rNeg     . . .     Faith    .   j - +0 leather armour
rPois    .         Spirit   .   (helmet restricted)
rElec    .         Reflect  .   (no cloak)
rCorr    .         Harm     .   (no gloves)
MR       .....                  (boots unavailable)
Stlth    ++........             (no amulet)
HPRegen  0.08/turn              (no ring)
MPRegen  0.11/turn              (no ring)

@: no status effects
A: beak, talons 3
a: Renounce Religion


You were on level 3 of the Dungeon.
You worshipped Vehumet.
Vehumet was noncommittal.
You were not hungry.

You visited 1 branch of the dungeon, and saw 3 of its levels.

You collected 114 gold pieces.

Inventory:

Hand Weapons
 n - a +1 dagger (weapon)
Armour
 a - a +0 robe
 j - a +0 leather armour (worn)
Scrolls
 d - a scroll of enchant weapon
 f - a scroll of magic mapping
 g - a scroll of fear {unknown}
 i - a scroll of noise {unknown}
 o - a scroll of blinking {unknown}
 p - 2 scrolls of teleportation {unknown}
Potions
 e - a potion of resistance
 k - 2 potions of haste {unknown}
 l - a potion of agility {unknown}
 m - a potion of cancellation {unknown}
 q - a potion of heal wounds {unknown}
Books
 b - a book of Air

   Spells                             Type                      Level
   a - Shock                          Conjuration/Air              1
   b - Swiftness                      Charms/Air                   2
   c - Static Discharge               Conjuration/Air              3
   d - Airstrike                      Air                          4
   e - Lightning Bolt                 Conjuration/Air              5
Comestibles
 c - 4 rations
 h - 4 chunks of flesh


   Skills:
 - Level 2.1 Dodging
 - Level 2.0 Stealth
 + Level 2.4 Spellcasting
 * Level 3.3 Conjurations
 * Level 5.1 Air Magic


You had 6 spell levels left.
You knew the following spells:

 Your Spells              Type           Power        Failure   Level  Hunger
a - Shock                 Conj/Air       ##..         5%          1    #......


Dungeon Overview and Level Annotations

Branches:
Dungeon (3/15)

Altars:
Vehumet


Innate Abilities, Weirdness & Mutations

You have a beak for a mouth.
You have claws for feet.


Message History

The gnoll is heavily wounded.
The zap hits the gnoll.
The gnoll is moderately wounded.
The gnoll hits you from afar with a spear.
The gnoll hits you.
Casting: Shock
Confirm with . or Enter, or press ? or * to list all spells.
Aiming: Shock
Press: ? - help, Shift-Dir - straight line, f/p - gnoll
Aim: a gnoll, wielding a spear (heavily wounded)
The zap hits the gnoll.
The gnoll is moderately wounded.
The zap hits the gnoll.
The gnoll is almost dead.
The zap hits the gnoll.
The gnoll is heavily wounded.
The gnoll hits you!
* * * LOW HITPOINT WARNING * * *
The gnoll hits you from afar with a spear!
You die...

###..###....#........... #..
.....###.##.#..............# #.#
##...##...#.#..............# #.#
#......_..)....###.#......# #.#
#..#.#...##....# #.#......# #.#
##.#.##.###..### #.#...... #..
#.#....###..# #.#.... #..
##.####......#####.##.########.#
...............@ggg.÷...........
..#.##..#....#####.##.........†.
#.#.......#.....##.###.#######.#
#.........#####.........# #..
##........# #..#.#....# ...
#........# #..#.#....# ..g.
#........#####..#.#....# g....
#...............#...........?.#
#...)....######.####..........#


You could see 3 gnolls.

Vanquished Creatures
  A gnoll (D:3)
  A shadow imp (D:3)
  2 worms (D:2)
  A dart slug (D:2)
  A leopard gecko (D:2)
  4 goblins
  6 hobgoblins
  2 quokkas (D:2)
  2 ball pythons (D:1)
  6 bats
  5 frilled lizards
  4 kobolds
  2 rats (D:2)
37 creatures vanquished.

Notes
Turn   | Place    | Note
-------+----------+-------------------------------------------
     0 | D:1      | Lusmu the Tengu Air Elementalist began the quest for the Orb.
     0 | D:1      | Reached XP level 1. HP: 10/10 MP: 4/4
   809 | D:1      | Reached XP level 2. HP: 15/15 MP: 4/6
  1924 | D:2      | Reached XP level 3. HP: 13/19 MP: 7/7
  2742 | D:3      | Found a radiant altar of Vehumet.
  2788 | D:3      | Became a worshipper of Vehumet
  2925 | D:3      | Reached skill level 5 in Air Magic
  2925 | D:3      | Reached XP level 4. HP: 24/24 MP: 1/8
  3018 | D:3      | Slain by a gnoll

Skill      XL: |  1  2  3 |
---------------+----------+-----
Conjurations   | 2 3 |  3.3
Air Magic      | 5 |  5.1
Dodging        | |  2.1
Stealth        | |  2.0
Spellcasting   | |  2.4

Action                   |  1- 3 |  4- 6 || total
-------------------------+-------+-------++-------
Melee: Club              |    21 |       ||    21
       Peck              |     5 |       ||     5
       Dagger            |    50 |       ||    50
       Kick              |    13 |       ||    13
 Cast: Shock             |    50 |     6 ||    56
  Use: Scroll            |     3 |       ||     3
  Eat: Chunk             |     7 |       ||     7
Armor: Robe              |    14 |       ||    14
       Leather armour    |    12 |       ||    12
Dodge: Dodged            |    69 |     2 ||    71
